Cogmind - Beta 9.6 @@@ ROGUE MODE // 2020.07.15 @ 17:22:02 Player: Stryder Result: Destroyed by G-47 Trooper with Particle Gun Performance ------------- Evolutions (1) 500 Regions Visited (2) 400 Robots Destroyed (40) 200 Value Destroyed (1099) 1099 Prototype IDs (2) 40 Alien Tech Used (0) 0 Bonus (0) 0 TOTAL SCORE: 2239 Bonus ------- None Cogmind --------- Core Integrity 0/400 Matter 300/300 Energy 323/325 System Corruption 1% Temperature Cool (387) Movement Treading (160) Location -9/Materials Parts ------- > --- POWER (2) -------- Improved Ion Engine Light Nuclear Core > --- PROPULSION (2) --- Improved Treads Improved Treads > --- UTILITY (3) ------ Structural Scanner Improved Signal Interpreter AS-neutralizer No. 17b > --- WEAPON (2) ------- Medium Laser > --- INVENTORY (4) ---- Particle Cannon Peak State ------------ > --- POWER ------------ Improved Ion Engine Light Nuclear Core > --- PROPULSION ------- Improved Aluminum Leg Improved Aluminum Leg > --- UTILITY ---------- Structural Scanner Improved Signal Interpreter AS-neutralizer No. 17b > --- WEAPON ----------- Medium Laser Medium Laser > --- INVENTORY -------- Gravity Neutralizing Apparatus Beam Rifle Particle Cannon [Rating: 20] Favorites ----------- Power Improved Ion Engine Engine Improved Ion Engine Power Core Light Nuclear Core Propulsion Light Treads Treads Light Treads Leg Improved Aluminum Leg Flight Unit Flight Unit Utility Structural Scanner Device Structural Scanner Storage Small Storage Unit Processor Improved Signal Interpreter Weapon Medium Laser Energy Gun Medium Laser Energy Cannon Beam Cannon Ballistic Gun Assault Rifle Launcher Grenade Launcher Build | -11 -10 -9 ------- Run | Scr Mat Mat Slots Evolved 2 | . . 2 Power 1 | . . 1 Propulsion . | . . . Utility 1 | . . 1 Weapon . | . . . Parts Attached 52 | 6 17 29 Power 8 | 1 1 6 Engine 5 | 1 1 3 Core 3 | . . 3 Reactor . | . . . Propulsion 16 | 2 7 7 Treads 7 | 2 2 3 Leg 7 | . 3 4 Wheel . | . . . Hover . | . . . Flight 2 | . 2 . Utility 6 | 1 3 2 Device 3 | . 2 1 Storage 2 | 1 1 . Processor 1 | . . 1 Hackware . | . . . Protection . | . . . Artifact . | . . . Weapon 22 | 2 6 14 Energy Gun 16 | 2 . 14 Energy Cannon 2 | . 2 . Ballistic Gun 1 | . 1 . Ballistic Cannon . | . . . Launcher 3 | . 3 . Special Weapon . | . . . Impact Weapon . | . . . Slashing Weapon . | . . . Piercing Weapon . | . . . Special Melee Weapon . | . . . Unidentified Prototypes . | . . . Parts Lost 12 | . . 12 Power 1 | . . 1 Propulsion 3 | . . 3 Utility 1 | . . 1 Weapon 7 | . . 7 Highest Loss Streak 4 | . . 4 Average Slot Usage (%) 91 | . 99 85 Engine 12 | . 14 10 Core 3 | . . 6 Treads 11 | . 18 6 Leg 11 | . 8 13 Device 16 | . 14 18 Storage 5 | . 12 . Processor 5 | . . 10 Energy Gun 11 | . 4 16 Energy Cannon 3 | . 5 1 Ballistic Gun 2 | . 4 . Launcher 5 | . 12 1 Naked Turns . | . . . Heaviest Build 24 | 11 16 24 Greatest Support 46 | 40 40 46 Greatest Overweight (x) 3 | . 1 3 Average Overweight (x) . | . . . Largest Inventory Capacity 8 | 6 8 4 Average Capacity 4 | 5 5 4 Most Carried 4 | 4 4 4 Average Carried 1 | . 1 1 Final Capacity 6 | 6 4 4 Final Carried 1 | 1 1 1 Class Distribution -------------------- 94% | Mutant 3% | Skirmisher Dominant Class ---------------- Mutant | -10/Materials Mutant | -9/Materials Resources | -11 -10 -9 ----------- Run | Scr Mat Mat Matter Collected 917 | 260 397 260 Remotely . | . . . Salvage Created 1416 | 99 673 644 Parts 87 | 2 39 46 Haulers Intercepted 1 | . 1 . Recyclers Shooed 2 | . 2 . Parts Field Recycled . | . . . Retrieved Matter . | . . . Parts Self-Destructed . | . . . Prevented . | . . . Kills | -11 -10 -9 ------- Run | Scr Mat Mat Combat Hostiles Destroyed 28 | . 14 14 Guns 15 | . 3 12 Cannons 6 | . 4 2 AOE 7 | . 7 . Classes Destroyed 9 | 1 7 1 Worker 1 | . 1 . Builder 1 | . 1 . Tunneler 1 | . 1 . Hauler 1 | . 1 . Recycler 4 | 1 3 . Watcher 4 | . 3 1 Swarmer 3 | . 3 . Grunt 21 | . 11 10 Sentry 4 | . . 4 Best Kill Streak 4 | 1 4 2 Combat Bots Only 3 | . 3 2 Max Kills in Single Turn 2 | 1 2 1 Gunslinging . | . . . Exploded 1 | . 1 . Melee . | . . . Uniques/NPCs Destroyed . | . . . Combat | -11 -10 -9 -------- Run | Scr Mat Mat Damage Taken 1879 | . 438 1441 Core 470 | . 66 404 Absorbed by Shields . | . . . Core Remaining (%) 86 | 100 73 . Volleys Fired 142 | 4 73 65 Largest 2 | 1 1 2 Hottest 112 | 50 60 112 Shots Fired 163 | 4 73 86 Gun 102 | 4 27 71 Cannon 44 | . 29 15 Launcher 17 | . 17 . Special . | . . . Kinetic 19 | . 19 . Thermal 123 | 4 37 82 Explosive 17 | . 17 . Electromagnetic 4 | . . 4 Robot Hit Streak 11 | 4 7 11 Robot Miss Streak 4 | . 4 2 Penetration Max . | . . . Secondary Targets . | . . . Shots Hit Robots 122 | 4 51 67 Core Hits 67 | 2 35 30 Critical Hits . | . . . Critical Kills . | . . . Critical Parts Destroyed . | . . . Melee Attacks . | . . . Impact . | . . . Slashing . | . . . Piercing . | . . . Sneak Attacks . | . . . Combat Hostiles . | . . . Follow-up Attacks . | . . . Damage Inflicted 2412 | 50 1471 891 Guns 912 | 50 199 663 Cannons 632 | . 404 228 Explosions 868 | . 868 . Melee . | . . . Ramming . | . . . Kinetic 163 | . 163 . Thermal 1371 | 50 440 881 Explosive 868 | . 868 . Electromagnetic 10 | . . 10 Impact . | . . . Slashing . | . . . Piercing . | . . . Highest Corruption 1 | . 1 1 Average Corruption 1 | . 1 1 Corruption Purged . | . . . Effects 7 | . 4 3 Message Errors 3 | . 1 2 Energy Discharges 2 | . 1 1 Data Loss (minor) 2 | . 2 . Overload Shots . | . . . Overflow Damage 32 | . 32 . Projectiles . | . . . Explosions 32 | . 32 . Melee . | . . . Knockbacks . | . . . Impact . | . . . Kinetic . | . . . Secondary . | . . . Self-Inflicted Damage 42 | . 42 . Shots 2 | . 2 . Rammed . | . . . Targets Rammed . | . . . Kicked . | . . . Crushed . | . . . Highest Temperature 424 | . 204 424 Average Temperature 117 | . 74 136 Received Heat Transfer 867 | . 195 672 Effects 9 | . . 9 Shutdowns 4 | . . 4 Energy Bleed 2 | . . 2 Interference 2 | . . 2 Damage (minor) 1 | . . 1 Siege Activations . | . . . Robots Corrupted . | . . . Combat Hostiles . | . . . Parts Fried 1 | . 1 . Impact Corruptions . | . . . Robots Melted . | . . . Combat Hostiles . | . . . Parts Melted 6 | 1 1 4 Heat Transferred 3404 | 148 962 2294 Parts Sabotaged . | . . . Parts Stolen . | . . . Parts Stripped . | . . . Power Chain Reactions . | . . . Missiles Intercepted . | . . . Alert | -11 -10 -9 ------- Run | Scr Mat Mat Peak Influence 194 | 5 194 122 Average Influence 45 | 2 67 40 Maximum Alert Level . | . . . Low Security (%) 100 | 100 100 100 Level 1 . | . . . Level 2 . | . . . Level 3 . | . . . Level 4 . | . . . Level 5 . | . . . High Security . | . . . Max Security . | . . . Squads Dispatched 9 | . 2 7 Investigation 4 | . 1 3 Extermination . | . . . Reinforcement 5 | . 1 4 Assault . | . . . Garrison . | . . . Intercept . | . . . Construction Impeded . | . . . Haulers Reinforced . | . . . Stealth | -11 -10 -9 --------- Run | Scr Mat Mat Distress Signals 7 | . 3 4 Communications Jammed . | . . . Distress Signals . | . . . Times Spotted 48 | . 22 26 Peak Tracking Total 5 | . 5 3 Tactical Retreats 7 | . 1 6 Traps | -11 -10 -9 ------- Run | Scr Mat Mat Traps Triggered 6 | . 2 4 Indirectly . | . . . Trap Hack Attempts . | . . . Triggered . | . . . Disarmed . | . . . Reprogrammed 4 | . 4 . Reused 1 | . 1 . Traps Extracted . | . . . Installed . | . . . Triggered 1 | . 1 . Machines | -11 -10 -9 ---------- Run | Scr Mat Mat Machines Disabled 2 | . 1 1 Max in Single Turn 1 | . 1 1 Machines Sabotaged . | . . . Garrisons Compromised . | . . . Overloaded Fab Kills . | . . . Fab Network Shutdowns . | . . . Hacking | -11 -10 -9 --------- Run | Scr Mat Mat Machines Accessed 15 | . 7 8 Terminals 10 | . 5 5 Fabricators . | . . . Repair Stations 1 | . 1 . Recycling Units 2 | . 1 1 Scanalyzers 2 | . . 2 Garrison Access . | . . . Total Hacks 57 | . 26 31 Successful 34 | . 14 20 Failed 22 | . 12 10 Catastrophic 3 | . 2 1 Database Lockouts 1 | . . 1 Manual 1 | . . 1 Terminals 42 | . 22 20 Fabricators . | . . . Repair Stations 3 | . 3 . Recycling Units 6 | . 1 5 Scanalyzers 6 | . . 6 Garrison Access . | . . . Terminal Hacks 22 | . 10 12 Record 11 | . 6 5 Emergency Access Points 1 | . . 1 Alert Level 2 | . . 2 Unreport Threat 1 | . . 1 Reprogram Traps 1 | . 1 . Maintenance Status 1 | . 1 . Transport Status 1 | . . 1 Assault Status 1 | . . 1 Hauler Manifests 1 | . 1 . Zone Layout 2 | . 1 1 Fabricator Hacks . | . . . Repair Station Hacks 3 | . 3 . Scan Component 2 | . 2 . Repair 1 | . 1 . Recycling Unit Hacks 5 | . 1 4 Process 2 | . . 2 Report Inventory 2 | . 1 1 Retrieve Matter 1 | . . 1 Scanalyzer 4 | . . 4 Insert Component 4 | . . 4 Garrison Access Hacks . | . . . Unauthorized Hacks . | . . . Terminals . | . . . Fabricators . | . . . Repair Stations . | . . . Recycling Units . | . . . Scanalyzers . | . . . Garrison Access . | . . . Data Cores Recovered . | . . . Used . | . . . Hacking Detections 13 | . 7 6 Full Trace Events 7 | . 3 4 Feedback Events 1 | . 1 . Corruption 1 | . 1 . Feedback Blocked . | . . . Robot Schematics Acquired . | . . . Robots Built . | . . . Matter . | . . . Time . | . . . Total Robot Build Rating . | . . . Part Schematics Acquired . | . . . Parts Built . | . . . Matter . | . . . Time . | . . . Total Part Build Rating . | . . . Parts Repaired 1 | . 1 . Time 26 | . 26 . Parts Recycled . | . . . Recycled Matter 142 | . . 142 Retrieved Matter . | . . . Retrieved Components . | . . . Parts Scanalyzed . | . . . Part Schematics Acquired . | . . . Parts Damaged . | . . . Bothacking | -11 -10 -9 ------------ Run | Scr Mat Mat Used RIF Installer . | . . . Robots Hacked . | . . . Non-combat . | . . . Combat . | . . . Robot Hacks Applied . | . . . Relay Couplers Released . | . . . Robots Rewired . | . . . Allies Hacked . | . . . Hacks Repelled . | . . . Allies | -11 -10 -9 -------- Run | Scr Mat Mat Total Allies . | . . . Largest Group . | . . . Highest-Rated Group . | . . . Highest-Rated Ally . | . . . Total Orders . | . . . Ally Attacks . | . . . Total Damage . | . . . Kills . | . . . Allies Corrupted . | . . . Allies Melted . | . . . Intel | -11 -10 -9 ------- Run | Scr Mat Mat Robot Analysis Total . | . . . Derelict Logs Recovered . | . . . Drone Launches . | . . . Drone Recoveries . | . . . Exploration | -11 -10 -9 ------------- Run | Scr Mat Mat Turns Passed 4568 | 608 1681 2279 Spaces Moved 2495 | 196 920 1379 Core 71 | 41 . 30 Treads 1129 | 155 580 394 Legs 1292 | . 337 955 Wheels . | . . . Hover . | . . . Flight 3 | . 3 . Fastest Speed 50 | 50 117 100 Average Speed 137 | 136 145 132 Slowest Speed 200 | 160 160 200 Overloaded Moves . | . . . Propulsion Burnouts . | . . . Robots Hopped . | . . . Cave-ins Triggered . | . . . Exploration Rate (%) 63 | 12 97 82 Regions Visited 2 Branch Regions . Pre-discovered Areas . | . . . Known Exits Taken . | . . . Unknown Exits Taken 2 | 1 1 . Scrap Searched . | . . . Spaces Dug . | . . . Terrain Destroyed 64 | . 64 . Melee . | . . . Projectile . | . . . AOE 64 | . 64 . Actions | -11 -10 -9 --------- Run | Scr Mat Mat Total 3466 | 532 1192 1742 Wait 696 | 320 153 223 Move 2493 | 195 919 1379 Hop . | . . . Pick Up 57 | 7 17 33 Fast Attach . | . . . Attach 30 | 6 4 20 Detach . | . . . Swap 22 | . 13 9 Drop 26 | . 13 13 Fire 142 | 4 73 65 Melee . | . . . Ram . | . . . Kick . | . . . Crush . | . . . Escape Stasis . | . . . Rewire . | . . . Trap . | . . . Miscellaneous . | . . . Route ------- -11/Scrapyard -10/Materials (discovered 4 exits: *Mat x3 / [*Min]) -9/Materials (discovered 6 exits: *Mat x3 / *Min / *Sto x2) History --------- Turn | Location | Event 4 | -11/Scrapyard | Discovered new exit (range 15) 609 | -11/Scrapyard | Entered Materials 610 | -10/Materials | Build established: Mutant 1287 | -10/Materials | Discovered new exit (range 8) 1474 | -10/Materials | Discovered new exit (range 15) 1508 | -10/Materials | Repaired Grenade Launcher 1620 | -10/Materials | Discovered new exit (range 15) 2016 | -10/Materials | Discovered new exit (range 8) 2290 | -10/Materials | Entered another Materials area 2290 | -9/Materials | Evolved 2 slots: Power x1, Utility x1 2623 | -9/Materials | Lost 3 parts (1p1n1w) 2695 | -9/Materials | Discovered new exit (range 16) 2712 | -9/Materials | Discovered new exit (range 11) 2835 | -9/Materials | Lost 4 parts (2n2w) 2902 | -9/Materials | Identified exit to Storage 3083 | -9/Materials | Core integrity fell below 50% 3393 | -9/Materials | Discovered new exit (range 6) 3398 | -9/Materials | Identified exit to Mines 3463 | -9/Materials | Found Prototype Device 3537 | -9/Materials | Discovered new exit (range 3) 3540 | -9/Materials | Identified exit to Materials 3854 | -9/Materials | Identified AS-neutralizer No. 17b 3858 | -9/Materials | Discovered exit to Materials (range 8) 4057 | -9/Materials | Discovered exit to Materials (range 3) 4102 | -9/Materials | Central database locked down 4548 | -9/Materials | Core integrity fell below 20% 4569 | -9/Materials | Destroyed by G-47 Trooper with Particle Gun Last Messages --------------- 04269_ G-34 Mercenary destroyed. 04275_ K-01 Serf collects debris. 04298_ Connecting with Terminal... >>Alert(Check) Current Alert Level: Low Security [Achievement: Everything Is Under Control] >>Alert(Purge) Purged threat record, alert level lowered. 04373_ K-01 Serf cleans the Processing Tank. 04376_ G-34 Mercenary destroyed. 04376_ Processing Tank disabled. 04378_ K-01 Serf collects debris. 04508_ C-30 ARC bursts open, deploying its payload. 04508_ G-47 Trooper unfolds itself. 04508_ G-34 Mercenary unfolds itself. 04547_ Beam Rifle destroyed. 04554_ Y-45 Defender destroyed. 04562_ G-34 Mercenary destroyed. 04568_ Power failure, Imp. Ion Engine shutdown. 04569_ Overheating: Med. Laser damaged (-2). Map ----- +----------------------------------------------------+ | | | | | | | | | | | | | | | ????????????###########???????? | | ????????????# = #???????? | | ########????#!= #???????? | | #????#! #???????? | | ! """ ###### #???????? | | """ # ##+########???????? | | """ + #????????????? | | # > #????????????? | | """ # ##+#####??########? | | """ ## ## #??#!![[==#? | | """ ## ## #??#!![[==#? | | ## ## % #??# #? | | +######## ## = [#??# ##? | | #??????# ## #??# #?? | | #??????# ## #??# ![! #?? | | #??????# #########??# !>= #?? | | ######## %/ #???# =% #?? | | # "" #???# #?? | | # "T #???###@###?? | | ######+## # "" #?????#%#???? | | # # #######g#???? | | # # # [#???? | | """ # ######## ##### #???? | | """"" # #??????# #####+##### | | """"" # #??????# ## # | | """"" # #??????# ##""" # | | """ # ######## ##""" =# | | # #""" # | | # + # | | ############## #""" # | | ?????????????# #""" # | | ?????????????# #""" # | | ?????????????# #### # # | | ?????????????# #??# ########## | | ???########### #??# #????????? | | ???# # #??# #????????? | | ???# # #??#+######???? | | ???# # #??# #???? | | ???# # #??# #???? | | ???# """ """ # #??# """ #???? | | ???# """ """ # #??# """ #???? | | ???# """ """ # #??# """ #???? | | ???# # #??# #???? | +----------------------------------------------------+ Best States ------------- Heat Dissipation 28 Energy Generation 21 Energy Capacity 430 Matter Stores 300 Matter Capacity 300 Sight Range 16 Robot Scan Range 10 Terrain Scan Density 10 Evasion (%) 50 Recoil Reduction 2 Item Schematics ----------------- None Robot Schematics ------------------ None Fabricated ------------ Nothing Alien Tech Used ----------------- None Achievements -------------- Everything Is Under Control Safety First Shopping List Challenges ------------ None Game ------ Seed InsulatedLayeredPropulsion Manual? 0 Play Time 00:51:01 Cumulative 4.0 hours Start 2020.07.15 @ 16:20:15 End 2020.07.15 @ 17:22:02 Sessions 3 Manual Loads 0 Difficulty Rogue Special Mode None Game No. 5 Rogue 5 Adventurer 0 Explorer 0 Win Type - Total 0 Types 0/0/0/0/0/0/0 Lore% 2 Gallery% 10 Achievement% 8 Wizard Run 0 Options --------- ASCII 0 Keyboard 0 Movement Numpad Keybinds 0 Fullscreen 0 Font 16/SmallcapsGlow Map View 76x50 Tactical HUD 1 Map Filters NONE Filters NONE Steam 1 RUN: 23b4481b-28d1-4b5f-b2c1-aaf62119fa8d